 Seeded DCSS version 0.30.1-6-gbe392663c4 (webtiles) character file.

Game seed: 15140874439476535185 (custom seed)

23 Psyclone the Stinger (level 3, 21/21 HPs)
             Began as an Octopode Venom Mage on Sept 20, 2023.
             Quit the game on level 1 of the Dungeon.
             The game lasted 00:02:45 (924 turns).

Psyclone the Stinger (Octopode Venom Mage)           Turns: 924, Time: 00:02:45

Health: 21/21      AC:  1    Str:  7    XL:     3   Next: 0%
Magic:  1/6        EV: 13    Int: 19    God:
Gold:   36         SH:  0    Dex: 12    Spells: 5/6 levels left

rFire   . . .        (no weapon)
rCold   . . .        (no shield)
rNeg    . . .        (helmet restricted)
rPois   .            (no amulet)
rElec   .            (no ring)
rCorr   .            (no ring)
SInv    .            (no ring)
Will    .....        (no ring)
Stlth   +++          (no ring)
HPRegen 0.23/turn    (no ring)
MPRegen 0.10/turn    (no ring)
                     (no ring)

%: no passive effects
@: no status effects
A: almost no armour, amphibious, 8 rings, camouflage 1, gelatinous body 1,
(nimble swimmer 1), tentacles
a: no special abilities


You were on level 1 of the Dungeon.
You visited 1 branch of the dungeon, and saw 2 of its levels.

You collected 36 gold pieces.

Inventory:

Scrolls
 b - a scroll of teleportation {unknown}
 d - a scroll of fog {unknown}
Potions
 a - a potion of magic
 c - a potion of heal wounds {unknown}


   Skills:
 - Level 2.0 Dodging
 - Level 2.6 Stealth
 - Level 2.0 Spellcasting
 - Level 1.0 Transmutations
 + Level 4.9 Poison Magic


You had 5 spell levels left.
You knew the following spells:

 Your Spells              Type           Power      Damage    Failure   Level
a - Sting                 Tmut/Pois      52%        1d5       4%          1

Your spell library contained the following spells:

 Spells                   Type           Power      Damage    Failure   Level
 Poisonous Vapours        Pois/Air       22%        N/A       10%         2
 Wereblood                Tmut           5%         N/A       17%         2
 Olgreb's Toxic Radiance  Pois           20%        N/A       22%         4
 Sublimation of Blood     Necr           1%         N/A       26%         2
 Mephitic Cloud           Conj/Pois/Air  8%         N/A       26%         3
 Summon Hydra             Summ           0%         N/A       100%        7


Dungeon Overview and Level Annotations

Branches:
Dungeon (2/15) Zot: 11075

Altars:
Gozag


Innate Abilities, Weirdness & Mutations

You cannot wear most types of armour.
You are amphibious.
You can wear up to eight rings at the same time.
Your skin changes colour to match your surroundings (Stealth+).
Your rubbery body absorbs attacks. (AC +1, EV +1)
((You are camouflaged when in or above water. (Stealth+)))
You have tentacles for arms and can constrict up to eight enemies at once.


Message History

The endoplasm is moderately wounded.
The endoplasm barely misses you.
You now have 3/5 mp.
Casting: Sting (safe; 6% risk of failure)
Confirm with . or Enter, or press ? or * to list all spells.
Aiming: Sting (safe; 6% risk of failure)
Press: ? - help, Shift-Dir - straight line, f/p - endoplasm
Aim: an endoplasm (heavily wounded, very poisoned, 98% to hit)
The sting hits the endoplasm.
The endoplasm partially resists.
You kill the endoplasm!
You now have 2/5 mp.
A goblin and a rat come into view.
An endoplasm comes into view.
You see here 13 gold pieces.
You now have 36 gold pieces (gained 13).
The goblin closely misses you.
Casting: Sting (safe; 6% risk of failure)
Confirm with . or Enter, or press ? or * to list all spells.
Aiming: Sting (safe; 6% risk of failure)
Press: ? - help, Shift-Dir - straight line, f - goblin
Aim: a goblin, wielding a +0 club (64% to hit)
The sting hits the goblin.
The goblin is poisoned.
The goblin is moderately wounded.
The endoplasm quivers.
The goblin misses you.
You now have 2/5 mp.
Casting: Sting (safe; 6% risk of failure)
Confirm with . or Enter, or press ? or * to list all spells.
Aiming: Sting (safe; 6% risk of failure)
Press: ? - help, Shift-Dir - straight line, f/p - goblin
Aim: a goblin, wielding a +0 club (heavily wounded, poisoned, 64% to hit)
The sting hits the goblin.
The goblin looks even sicker.
You kill the goblin!
You have reached level 3!
Your experience leads to an increase in your attributes!
Increase (S)trength, (I)ntelligence, or (D)exterity?
You feel clever. x2
Health restored: 21 You now have 1/6 mp.
Are you sure you want to abandon this character and quit the game? (Confirm with "yes".)

..................#
#.###................#
..r..................#
..J..................#
....................#.
.....................
#........###~~~~~~~
#.)......# #~..8...
#.@..(...# #~.#####
########## #~8#.#.≈
#~.#.#.≈ #~.#.#.§
#~.#.#§≈ #~.#.#§≈
#~.#.'.§ #~.#<'..
#~)#.#.≈


You could see an endoplasm and a rat (asleep).

Vanquished Creatures
  2 dart slugs (D:1)
  2 bats
  4 endoplasms (D:1)
  A goblin (D:1)
  2 hobgoblins
  A kobold (D:1)
  A ball python (D:1)
  A frilled lizard (D:2)
  4 rats (D:1)
18 creatures vanquished.

Notes
Turn   | Place    | Note
-------+----------+-------------------------------------------
     0 | D:1      | Psyclone the Octopode Venom Mage began the quest for the
                  | Orb.
     0 | D:1      | Reached XP level 1. HP: 11/11 MP: 3/3
    58 | D:1      | Reached skill level 4 in Poison Magic
   218 | D:1      | Reached XP level 2. HP: 17/17 MP: 3/5
   271 | D:2      | Found an opulent altar of Gozag.
   277 | D:2      | Found a faded altar of an unknown god.
   924 | D:1      | Reached XP level 3. HP: 21/21 MP: 1/6
   924 | D:1      | Quit the game

Illustrated notes

Levels and vault maps discovered:
D:1:      lightli_arrival_isolated_outpost, layout_basic
D:2:      minmay_alternating_diamond, layout_basic, basic_altar,
          basic_ecumenical_altar, serial_forest, infiniplex_forest_end_2,
          infiniplex_forest_clump_curved, infiniplex_forest_lined_2,
          infiniplex_forest_pool, infiniplex_forest_lined_3,
          infiniplex_forest_clump_curved

Skill      XL: |  1 |
---------------+----+-----
Poison Magic   | 4 |  4.9
Dodging        | |  2.0
Stealth        | |  2.6
Spellcasting   | |  2.0
Transmutations | |  1.0

Action                     || total
---------------------------++-------
  Melee: Unarmed           ||    19
         Constrict         ||     3
         Tentacles         ||     3
   Cast: Sting             ||    28
 Armour: Skin              ||     3
  Dodge: Dodged            ||    31
